 Dungeon Crawl Stone Soup version 0.30.0-29-ga12c61a403 (webtiles) character file.

Game seed: 5396360262192726494

60 Delarado the Changer (level 4, -1/28 HPs)
             Began as an Octopode Transmuter on May 14, 2023.
             Slain by a cerulean imp
             ... wielding a +0 spear
             ... summoned by Natasha
              (2 damage)
             ... on level 3 of the Dungeon on June 14, 2023.
             The game lasted 00:06:39 (2325 turns).

Delarado the Changer (Octopode Transmuter)          Turns: 2325, Time: 00:06:40

Health: -1/28      AC:  1    Str: 11    XL:     4   Next: 6%
Magic:  7/7        EV: 13    Int: 15    God:
Gold:   122        SH:  0    Dex: 12    Spells: 3/7 levels left

rFire   . .          .
                       - Unarmed
rCold   . . .        (no shield)
rNeg    . . .        (helmet restricted)
rPois   .            m - amulet of magic regeneration
rElec   .            (no ring)
rCorr   .            (no ring)
SInv    .            (no ring)
Will    .....        (no ring)
Stlth   ++           (no ring)
HPRegen 0.24/turn    (no ring)
MPRegen 0.50/turn    (no ring)
                     (no ring)

%: no passive effects
@: no status effects
A: almost no armour, amphibious, 8 rings, camouflage 1, gelatinous body 1,
(nimble swimmer 1), tentacles
a: no special abilities


You were on level 3 of the Dungeon.
You visited 1 branch of the dungeon, and saw 3 of its levels.

You collected 142 gold pieces.
You spent 20 gold pieces at shops.

Inventory:

Missiles
 c - 19 stones
 e - 7 poisoned darts (quivered)
Armour
 f - an orb of light
Jewellery
 m - an amulet of magic regeneration (around mantle)
Scrolls
 d - 2 scrolls of vulnerability {unknown}
 h - a scroll of identify
 j - a scroll of teleportation {unknown}
 k - a scroll of fear {unknown}
 n - a scroll of blinking {unknown}
Potions
 a - a potion of lignification
 b - a potion of flight {unknown}
 g - a potion of curing {unknown}
 i - a potion of degeneration {unknown}
 l - a potion of heal wounds {unknown}


   Skills:
 - Level 1.0 Fighting
 - Level 2.0 Dodging
 - Level 3.0 Unarmed Combat
 - Level 2.0 Spellcasting
 + Level 4.1 Transmutations
 + Level 0.7 Poison Magic


You had 3 spell levels left.
You knew the following spells:

 Your Spells              Type           Power      Damage    Failure   Level
a - Beastly Appendage     Tmut           26%        N/A       4%          1
b - Spider Form           Tmut/Pois      8%         N/A       24%         3

Your spell library contained the following spells:

 Spells                   Type           Power      Damage    Failure   Level
 Wereblood                Tmut           13%        N/A       6%          2
 Summon Guardian Golem    Hex/Summ       1%         N/A       54%         3
 Ice Form                 Ice/Tmut       7%         N/A       67%         4
 Orb of Destruction       Conj           0%         9d5       100%        7
 Spellforged Servitor     Conj/Summ      0%         N/A       100%        7


Dungeon Overview and Level Annotations

Branches:
Dungeon (3/15)

Altars:

Shops:
D:1 *=:=(

Annotations:
D:3 Natasha


Innate Abilities, Weirdness & Mutations

You cannot wear most types of armour.
You are amphibious.
You can wear up to eight rings at the same time.
Your skin changes colour to match your surroundings (Stealth+).
Your rubbery body absorbs attacks. (AC +1, EV +1)
((You are camouflaged when in or above water. (Stealth+)))
You have tentacles for arms and can constrict up to eight enemies at once.


Message History

You now have 110 gold pieces (gained 4).
Found a robe.
e - 7 poisoned darts (gained 1)
You see here a +1 vampiric whip.
You now have 119 gold pieces (gained 9).
There is an open door here.
Found a leather armour.
You see here a +0 leather armour.
You now have 122 gold pieces (gained 3).
There is a stone staircase leading up here.
Found a stone staircase leading down.
You open the door.
Natasha, Servant of Life and Death comes into view.
Natasha hisses angrily.
Found a sling and a scroll labelled YBONWE QIPT.
Natasha casts a spell.
There is an open door here.
You tentacle-slap Natasha. You grab Natasha.
You squeeze Natasha, but do no damage.
Natasha is lightly wounded.
You constrict Natasha.
Natasha drinks a potion.
Natasha seems to grow stronger.
You tentacle-slap Natasha.
Natasha is heavily wounded.
You constrict Natasha.
The cerulean imp hits you from afar with a +0 spear.
Natasha claws you!
You are too injured to fight recklessly!
You are too injured to fight recklessly!
You are too injured to fight recklessly!
You tentacle-slap Natasha but do no damage.
Natasha is heavily wounded.
You constrict Natasha.
The cerulean imp hits you from afar with a +0 spear.
Natasha claws you!
* * * LOW HITPOINT WARNING * * *
You tentacle-slap Natasha. You squeeze Natasha, but do no damage.
Natasha is severely wounded.
You constrict Natasha.
The cerulean imp hits you from afar with a +0 spear.
You die...

.+....#'##........#
.####..........#..#
.# #..........+..#
.# #..........#.##
.####..........#.#
...##..........#.#
.....).........#.#
...............#.#
.....###########@#
........#
#..h.....#
........#
#..5.....#
........#
#.....)..#
........#
..........#
.....#+##
###........# .....#
#.....?..# .....#
#........#


You could see Natasha (strong) and a cerulean imp (summoned).

Vanquished Creatures
  An adder (D:2)
  A worm (D:2)
  2 dart slugs
  An orc (D:3)
  6 endoplasms
  6 goblins
  4 hobgoblins
  3 kobolds
  3 quokkas
  2 ball pythons (D:2)
  3 bats
  2 frilled lizards
  7 rats
41 creatures vanquished.

Notes
Turn   | Place    | Note
-------+----------+-------------------------------------------
     0 | D:1      | Delarado the Octopode Transmuter began the quest for the
                  | Orb.
     0 | D:1      | Reached XP level 1. HP: 13/13 MP: 3/3
   204 | D:1      | Reached XP level 2. HP: 18/18 MP: 3/5
   257 | D:1      | Found Boguh's Antique Weapon Emporium.
   325 | D:1      | Found a faded altar of an unknown god.
   425 | D:1      | Found Ycuygg's Book Shop.
   459 | D:1      | Reached skill level 3 in Transmutations
   512 | D:1      | Found Kibluz's Jewellery Shop.
   912 | D:1      | Found Tongazie's General Store.
   918 | D:1      | Bought a scroll of identify for 20 gold pieces
   942 | D:1      | Found Feuduschi's Jewellery Shop.
  1171 | D:2      | Reached XP level 3. HP: 19/23 MP: 4/6
  1913 | D:2      | Reached skill level 4 in Transmutations
  1939 | D:2      | Learned a level 3 spell: Spider Form
  1957 | D:2      | Upgraded the game from 0.30.0-10-gfe55d96785 to
                  | 0.30.0-29-ga12c61a403
  2070 | D:3      | Reached XP level 4. HP: 21/28 MP: 7/7
  2320 | D:3      | Noticed Natasha
  2324 | D:3      | HP: 1/28 [Natasha (11)]
  2325 | D:3      | Slain by a cerulean imp

Illustrated notes

Levels and vault maps discovered:
D:1:      elethiomel_arrival_maze, layout_loops_ring, serial_shops,
          nicolae_shop_peninsula, nicolae_shop_statue_plus, shop, shop, shop,
          shapermc_ecumenical_altar_ellora, serial_park_tiny_pond,
          minmay_misc_feat_ornament
D:2:      minmay_evil_eye, layout_loops_ring
D:3:      layout_basic, minmay_misc_feat_roman, minmay_crystal_room,
          uniq_natasha

Skill      XL: |  1  2  3 |
---------------+----------+-----
Transmutations | 3 4 |  4.1
Fighting       | |  1.0
Dodging        | |  2.0
Unarmed Combat | |  3.0
Spellcasting   | |  2.0
Poison Magic   | |  0.7

Action                     |  1- 3 |  4- 6 || total
---------------------------+-------+-------++-------
  Melee: Unarmed           |    77 |     8 ||    85
         Constrict         |    24 |     1 ||    25
         Tentacles         |    14 |     2 ||    16
         Kick              |    15 |       ||    15
         Punch             |     2 |       ||     2
  Throw: Dart              |     1 |     3 ||     4
   Cast: Beastly Appendage |    20 |       ||    20
   Stab: Sleeping          |     5 |       ||     5
 Armour: Skin              |     3 |       ||     3
  Dodge: Dodged            |    27 |     1 ||    28
